 Dungeon Crawl Stone Soup version 0.29-a0-22-gbf593b16ee (webtiles) character file.

Game seed: 5426810098049114961

4039 issech the Basher (level 10, -1/88 HPs)
             Began as a Troll Monk on Jan 29, 2022.
             Was a Priest of Hepliaklqana.
             Slain by a black bear (5 damage)
             ... on level 7 of the Dungeon.
             The game lasted 00:29:45 (7313 turns).

issech the Basher (Troll Monk)                      Turns: 7313, Time: 00:29:47

Health: -1/88      AC:  7    Str: 27    XL:     10   Next: 4%
Magic:  9/9        EV: 13    Int:  6    God:    Hepliaklqana [***...]
Gold:   236        SH:  0    Dex: 16    Spells: 9/9 levels left

rFire   . . .      SeeInvis .   k - +5 mace of the Blue Skies {pain, +Blink rCorr}
rCold   . . .      Faith    +   (no shield)
rNeg    . . .      Spirit   .   T - +0 steam dragon scales
rPois   .          Reflect  .   (helmet restricted)
rElec   .          Harm     .   (no cloak)
rCorr   +          Rampage  .   (gloves unavailable)
Will    .....                   (boots unavailable)
Stlth   ++........              m - amulet of faith
HPRegen 1.04/turn               G - +6 ring of strength
MPRegen 0.11/turn               N - ring of resist corrosion

@: lethally poisoned (-1 -> -3), on berserk cooldown, slowed, very slow
A: reduced essence, large, unfitting armour, claws 3, regeneration 1, shaggy fur
1, tough skin 1
a: Renounce Religion, Evoke Blink, Recall Ancestor, Ancestor Identity,
Transference


You were on level 7 of the Dungeon.
You worshipped Hepliaklqana.
Hepliaklqana was most pleased with you.
You visited 2 branches of the dungeon, and saw 8 of its levels.

You collected 236 gold pieces.

Inventory:

Hand Weapons
 a - a +1 mace
 b - a +1 dagger of electrocution
 g - a +1 dagger of venom
 k - the +5 mace of the Blue Skies (weapon) {pain, +Blink rCorr}
   (You found it on level 6 of the Dungeon)

   In the hands of one skilled in necromantic magic, it inflicts extra damage on
   living creatures.
   +Blink:    It lets you blink.
   rCorr:     It protects you from acid and corrosion.
 o - a +1 vampiric dagger
 y - a +4 dagger
 z - a +2 spear of flaming
 B - a +2 spear of venom
 E - a +2 short sword of holy wrath
 F - a +0 hand crossbow
 H - a +0 long sword of holy wrath
 M - a +0 shortbow
 S - a +0 whip of flaming
 V - a +1 dagger of draining
 W - a +0 giant spiked club
 X - a +2 whip of electrocution
Missiles
 d - 5 javelins (quivered)
 f - 160 stones
 j - 5 datura-tipped darts
 l - 53 sling bullets
 p - 104 arrows
 r - 17 poisoned darts
 v - 24 bolts
 L - 8 boomerangs
Armour
 T - +0 steam dragon scales (worn)
Magical Staves
 i - a staff of cold
 Q - a staff of death
Jewellery
 m - an amulet of faith (around neck)
 G - a +6 ring of strength (left claw)
 N - a ring of resist corrosion (right claw)
Wands
 s - a wand of polymorph (7)
 R - a wand of iceblast (7)
Scrolls
 c - a scroll of enchant weapon
 e - a scroll of teleportation
 n - a scroll of fog
 u - a scroll of immolation
 x - a scroll of holy word
 O - a scroll of magic mapping
 P - a scroll of amnesia
 U - a scroll of blinking
Potions
 h - a potion of degeneration {unknown}
 q - 3 potions of curing {unknown}
 t - a potion of cancellation {unknown}
 A - a potion of lignification {unknown}
 C - a potion of mutation {unknown}
 D - a potion of magic {unknown}
 I - a potion of invisibility {unknown}
 J - a potion of resistance {unknown}
 K - 2 potions of flight {unknown}


   Skills:
 + Level 6.2 Fighting
 + Level 9.4 Maces & Flails
 + Level 0.3 Throwing
 + Level 6.4 Dodging
 + Level 2.6 Stealth
 + Level 0.1 Unarmed Combat


You had 9 spell levels left.
You didn't know any spells.
Your spell library contained the following spells:

 Spells                   Type           Power      Damage    Failure   Level
 Inner Flame              Hex/Fire       0%         N/A       83%         3
 Cause Fear               Hex            0%         N/A       99%         4
 Borgnjor's Revivificati  Necr           0%         N/A       100%        8
 Discord                  Hex            0%         N/A       100%        8
 Necromutation            Tmut/Necr      0%         N/A       100%        8
 Death's Door             Necr           0%         N/A       100%        9


Dungeon Overview and Level Annotations

Branches:
Dungeon (7/15)             Temple (1/1) D:4

Altars:
Ashenzari
Cheibriados
Dithmenos
Elyvilon
Fedhas
Gozag
Hepliaklqana
Kikubaaqudgha
Makhleb
Nemelex Xobeh
Okawaru
Qazlal
Ru
Sif Muna
Trog
Uskayaw
Vehumet
Wu Jian
Yredelemnul
Zin
The Shining One

Shops:
D:1 !!   D:4 !

Annotations:
D:7 1 transporter


Innate Abilities, Weirdness & Mutations

Your life essence is reduced to manifest your ancestor. (-10% HP)
You are too large for most types of armour.
You have claws for hands.
Your natural rate of healing is unusually fast.
You are covered in fur. (AC +1)
You have tough skin. (AC +1)


Message History

Ealdgyð is destroyed!
The black bear bites you.
The black bear claws you but does no damage.
The black bear barely misses you.
You have reached level 10!
You are no longer berserk.
You are exhausted.
You feel yourself slow down.
The water moccasin rages.
You feel sick.
You are no longer poisoned.
The water moccasin barely misses you. The water moccasin misses you.
The black bear closely misses you.
The black bear claws you but does no damage. x2
The water moccasin barely misses you. The black bear bites you.
The black bear claws you. x2; The water moccasin closely misses you.
The black bear bites you! The black bear barely misses you.
The black bear closely misses you.
The water moccasin bites you but does no damage.
The black bear bites you!
* * * LOW HITPOINT WARNING * * *
The black bear claws you.
* * * LOW HITPOINT WARNING * * *
The black bear closely misses you.
The water moccasin bites you but does no damage.
The water moccasin barely misses you. The water moccasin bites you!
* * * LOW HITPOINT WARNING * * *
You are poisoned.
The water moccasin poisons you!
The black bear bites you but does no damage.
The black bear claws you.
* * * LOW HITPOINT WARNING * * *
The black bear claws you but does no damage.
You feel very sick. The water moccasin closely misses you.
The black bear bites you but does no damage.
The black bear claws you.
* * * LOW HITPOINT WARNING * * *
The black bear claws you.
You die...

##############
########.....†.......
#.............#######
#######....###©####.....#
#.........##.###..#####.###
#.####.#.##......#....#.... #.#
#.#.#....#...#...##.#. #.#
#...#hS##..#......#...
#)####...#@..#.†©..##..#.#.
#.......##.#.....#.....#.#.
#######.####..#....###=..##.##.#.
........# #>.##..#..!([...S#..#.
.######.# #...###..#####..##..).
.# #.# #.....####.©.####...## .#
#.# #.................#.# .# #.#
#................##.# >#
#.####..################.#


You could see a water moccasin (berserk) and a black bear (berserk).

Vanquished Creatures
  The ghost of enile the Skirmisher, a novice DjFE of Xom (D:7)
  A moth of wrath (D:7)
  Sigmund (D:4)
  4 yaks
  A steam dragon (D:6)
  An ice beast (D:6)
  An orc warrior (D:7)
  An ogre (D:5)
  A centaur (D:5)
  A bullfrog (D:7)
  A kobold brigand (D:7)
  2 scorpions
  An orc priest (D:7)
  A bullfrog skeleton (D:5)
  Ijyb (D:4)
  2 iguanas
  A howler monkey skeleton (D:6)
  3 adders
  5 gnolls
  A shadow imp (D:6)
  An adder skeleton (D:4)
  2 worms (D:2)
  2 dart slugs
  5 orcs
  4 ball pythons
  7 bats
  10 endoplasms
  2 giant cockroaches (D:1)
  8 goblins
  8 hobgoblins
  4 jackals (D:1)
  2 quokkas
  A frilled lizard (D:2)
  5 kobolds
  7 rats
99 creatures vanquished.

Vanquished Creatures (collateral kills)
  Pikel (D:5)
  Duvessa (D:4)
  2 black bears (D:7)
  An ogre (D:7)
  A lemure (D:6)
  Blork the orc (D:6)
  A bullfrog (D:6)
  A gnoll sergeant (D:7)
  2 scorpions
  Dowan (D:4)
  2 howler monkeys (D:5)
  2 orc priests
  A hound (D:6)
  A bullfrog skeleton (D:4)
  An iguana (D:5)
  An orc wizard (D:7)
  A gnoll (D:7)
  2 adders (D:4)
  An adder skeleton (D:4)
  7 orcs
  2 ball pythons (D:4)
  2 endoplasms (D:4)
  2 giant cockroaches (D:4)
  2 goblins (D:4)
  A jackal (D:4)
  A quokka (D:5)
  2 kobolds (D:4)
  A quokka skeleton (D:4)
44 creatures vanquished.

Vanquished Creatures (others)
  5 battlemagi
5 creatures vanquished.

Grand Total: 148 creatures vanquished

Notes
Turn   | Place    | Note
-------+----------+-------------------------------------------
     0 | D:1      | issech the Troll Monk began the quest for the Orb.
     0 | D:1      | Reached XP level 1. HP: 22/22 MP: 0/0
   332 | D:1      | Reached XP level 2. HP: 29/29 MP: 1/1
   656 | D:1      | Found a faded altar of an unknown god.
   972 | D:1      | Found Ito Itwu's Distillery.
  1150 | D:1      | Found Vusaicko's Distillery.
  1390 | D:2      | Reached XP level 3. HP: 35/36 MP: 2/2
  1425 | D:2      | Reached skill level 3 in Maces & Flails
  2231 | D:3      | Reached XP level 4. HP: 40/44 MP: 3/3
  2766 | D:4      | Noticed Ijyb
  2766 | D:4      | Found a staircase to the Ecumenical Temple.
  2810 | D:4      | Killed Ijyb
  2845 | D:4      | Noticed Sigmund
  2961 | D:4      | Killed Sigmund
  2962 | D:4      | Reached skill level 4 in Maces & Flails
  2962 | D:4      | Reached XP level 5. HP: 19/53 MP: 4/4
  2962 | D:4      | Reached XP level 6. HP: 22/61 MP: 5/5
  3010 | Temple   | Entered the Ecumenical Temple
  3059 | Temple   | Became a worshipper of Hepliaklqana the Forgotten
  3059 | Temple   | Reached * piety under Hepliaklqana
  3059 | Temple   | Reached ** piety under Hepliaklqana
  3060 | Temple   | Remembered your ancestor Ealdgyð as a battlemage
  3266 | D:4      | Found Suecuzit's Distillery.
  3793 | D:4      | Reached skill level 5 in Maces & Flails
  3989 | D:4      | Noticed Duvessa
  3989 | D:4      | Noticed Dowan
  4000 | D:4      | Killed Duvessa
  4001 | D:4      | Reached XP level 7. HP: 61/61 MP: 6/6
  4004 | D:4      | Killed Dowan
  4432 | D:5      | Entered Level 5 of the Dungeon
  4967 | D:5      | Reached skill level 6 in Maces & Flails
  5305 | D:6      | Reached XP level 8. HP: 65/70 MP: 7/7
  5388 | D:6      | Reached *** piety under Hepliaklqana
  5590 | D:6      | Noticed Pikel
  5649 | D:5      | Killed Pikel
  5650 | D:5      | Reached skill level 7 in Maces & Flails
  5650 | D:5      | Reached skill level 5 in Dodging
  5742 | D:6      | Noticed Blork the orc
  5754 | D:6      | Killed Blork the orc
  5910 | D:5      | Reached XP level 9. HP: 52/78 MP: 8/8
  5961 | D:5      | Reached skill level 5 in Fighting
  5961 | D:5      | Reached skill level 8 in Maces & Flails
  6173 | D:6      | Identified the +5 mace of the Blue Skies {pain, +Blink
                  | rCorr}
  6829 | D:7      | Found a transporter.
  6834 | D:7      | Noticed enile's ghost (novice DjFE)
  6879 | D:7      | Found a transporter.
  7287 | D:7      | Noticed a moth of wrath
  7293 | D:7      | Reached skill level 9 in Maces & Flails
  7295 | D:7      | Killed a moth of wrath
  7307 | D:7      | Killed enile's ghost
  7308 | D:7      | Reached XP level 10. HP: 62/88 MP: 9/9
  7313 | D:7      | HP: 4/88 [black bear (6)]
  7313 | D:7      | Slain by a black bear

Illustrated notes

Levels and vault maps discovered:
D:1:      dpeg_arrival_line_fractal, layout_basic, serial_shops,
          nicolae_diamond_shop, shop, shapermc_ecumenical_altar_petra
D:2:      layout_basic
D:3:      layout_loops_cross
D:4:      minmay_chambers_of_threes, layout_loops_corners,
          minmay_temple_entry_large_hall, serial_shops, kennysheep_mini,
          uniq_sigmund, uniq_duvessa, uniq_ijyb
D:5:      layout_loops_ring, hangedman_abyss_or_decor_passed, grunt_ministairs_8
D:6:      layout_loops_cross, uniq_blork_the_orc, uniq_pikel
D:7:      layout_loops_ring, gammafunk_ghost_berserking_beasts
Temple:   mainiacjoe_temple_archimedes_tessellation

Skill      XL: |  1  2  3  4  5  6  7  8  9 |
---------------+----------------------------+-----
Maces & Flails | 3 4 5 6 7 9 |  9.4
Dodging        | 3 4 5 6 |  6.4
Fighting       | 3 4 6 |  6.2
Stealth        | 2 |  2.6
Throwing       | |  0.3
Unarmed Combat | |  0.1

Action                   |  1- 3 |  4- 6 |  7- 9 | 10-12 || total
-------------------------+-------+-------+-------+-------++-------
Melee: Mace              |   155 |    95 |   202 |       ||   452
       Unarmed           |       |     3 |       |       ||     3
       Punch             |       |       |     5 |       ||     5
Throw: Javelin           |       |     3 |       |       ||     3
Invok: Ancestor Life: Ba |       |     1 |       |       ||     1
  Use: Scroll            |       |       |    12 |       ||    12
 Stab: Sleeping          |     2 |     1 |     2 |       ||     5
       Distracted        |       |       |     1 |       ||     1
Armor: Robe              |    74 |    32 |    22 |       ||   128
       Steam dragon scal |       |       |    38 |     7 ||    45
Dodge: Dodged            |   148 |    46 |   131 |    10 ||   335

Table legend: (Time is in decaauts)
 A = Elapsed time spent in this place.
 B = Non-inter-level travel time spent in this place.
 C = Inter-level travel time spent in this place.
 D = Time resting spent in this place.
 E = Time spent auto-exploring this place.
 F = Levels seen in this place.
 G = Mean time per level.
                   A        B        C        D        E       F      G
               +--------+--------+--------+--------+--------+-----+--------+
         Total |   7381 |   7156 |    225 |    327 |   2894 |   8 |  922.6 |
       Dungeon |   7148 |   6945 |    203 |    327 |   2711 |   7 | 1021.1 |
        Temple |    232 |    210 |     22 |      0 |    183 |   1 |  232.0 |
               +--------+--------+--------+--------+--------+-----+--------+

Top non-repeatable levels by time:
     D:4: 1391 daAuts
     D:1: 1358 daAuts
     D:5: 1075 daAuts
     D:6: 970 daAuts
     D:2: 846 daAuts
     D:7: 839 daAuts
     D:3: 665 daAuts
  Temple: 232 daAuts
